 Dungeon Crawl Stone Soup version 0.21-a0-331-gfb491b4 (webtiles) character file.

43717 zero the Executioner (level 13, -6/116 HPs)
             Began as a Minotaur Berserker on Oct 2, 2017.
             Was the Champion of Trog.
             Mangled by a dire elephant (25 damage)
             ... on level 6 of the Lair of Beasts.
             The game lasted 00:22:52 (15036 turns).

zero the Executioner (Minotaur Berserker)          Turns: 15036, Time: 00:22:53

Health: -6/116     AC: 23    Str: 29    XL:     13   Next: 92%
Magic:  15/15      EV: 10    Int:  4    God:    Trog [******]
Gold:   739        SH:  0    Dex: 10    Spells: 12/12 levels left

rFire    . . .     SeeInvis .   w - +2 battleaxe (vamp)
rCold    . . .     Gourm    .   (shield currently unavailable)
rNeg     . . .     Faith    .   v - +1 plate armour
rPois    .         Spirit   .   (helmet unavailable)
rElec    .         Reflect  .   (no cloak)
rCorr    +         Harm     .   E - +0 pair of gloves
MR       .....                  G - +2 pair of boots {run}
Stlth    ..........             h - amulet of regeneration
HPRegen  0.69/turn              O - ring of resist corrosion
MPRegen  0.14/turn              e - +3 ring of slaying

@: lethally poisoned (-6 -> -44), about to teleport, frozen, mesmerised, very
slow
A: retaliatory headbutt, horns 3, yellow scales 1, strong 1
a: Berserk, Trog's Hand, Brothers in Arms, Burn Spellbooks, Renounce Religion


You were on level 6 of the Lair of Beasts.
You worshipped Trog.
Trog was exalted by your worship.
You were not hungry.

You visited 2 branches of the dungeon, and saw 16 of its levels.
You also visited: Sewer.

You collected 1099 gold pieces.
You spent 360 gold pieces at shops.

Inventory:

Hand Weapons
 w - a +2 vampiric battleaxe (weapon)
 C - a +4 broad axe of freezing
Armour
 v - a +1 plate armour (worn)
 E - a +0 pair of gloves (worn)
 G - a +2 pair of boots of running (worn)
Jewellery
 e - a +3 ring of slaying (right hand)
 h - an amulet of regeneration (around neck)
 i - an uncursed ring of see invisible
 q - a +2 amulet of reflection
 s - an uncursed ring of protection from cold
 I - an uncursed ring of fire
 O - a ring of resist corrosion (left hand)
Wands
 n - a wand of polymorph (15/24)
 x - a wand of digging (9/24)
 B - a wand of flame (27/48)
 D - a wand of confusion (11/48)
 J - a wand of lightning (3/15)
 M - a wand of random effects (22/48)
 Q - a wand of lightning (4/15)
 R - a wand of enslavement (16/24)
Scrolls
 a - 4 scrolls of identify
 g - 2 scrolls of fear
 j - 4 scrolls of enchant armour
 r - 5 scrolls of enchant weapon
 t - 2 scrolls of fog
 u - 4 scrolls of immolation
 y - 5 scrolls of teleportation
 K - 2 scrolls of remove curse
Potions
 b - 5 potions of heal wounds
 d - 6 potions of brilliance
 f - 2 potions of lignification
 l - 5 potions of haste
 m - 3 potions of agility
 o - 9 potions of curing
 z - 3 potions of might
 A - a potion of invisibility
 F - 4 potions of flight
 L - a potion of cancellation
Comestibles
 c - 6 bread rations
 k - 11 royal jellies
 p - 3 meat rations
 H - 21 fruits
 N - 13 chunks of flesh


   Skills:
 + Level 11.2 Fighting
 * Level 21.1 Axes
 + Level 11.0 Armour
 + Level 6.3 Dodging
 + Level 4.8 Evocations


You had 12 spell levels left.
You didn't know any spells.

Dungeon Overview and Level Annotations

Branches:
Dungeon (10/15)            Temple (0/1) D:6            Lair (6/6) D:10
 Shoals (0/4) Lair:2       Spider (0/4) Lair:2        Slime (0/5) Lair:6
    Orc (0/2) D:9

Altars:
Dithmenos
Kikubaaqudgha
Nemelex Xobeh
Ru
Vehumet
Yredelemnul
Zin
Beogh
Jiyva

Shops:
D:6 =   D:8 :


Innate Abilities, Weirdness & Mutations

You reflexively headbutt those who attack you in melee.
You have a pair of large horns on your head.
You are partially covered in yellow scales. (AC +2)
Your muscles are strong. (Str +2)


Message History

As you read the scroll of teleportation, it crumbles to dust.
You feel strangely unstable.
You feel sick. The polar bear barely misses you. The polar bear misses you.
The polar bear claws you but does no damage.
The sea snake bites you.
* * * LOW HITPOINT WARNING * * *
The dire elephant closely misses you.
The dire elephant trunk-slaps you but does no damage.
The merfolk avatar chants its luring song.
The rime drake barely misses you. You furiously retaliate!
You headbutt the rime drake.
You feel better. The sea snake bites you!
* * * LOW HITPOINT WARNING * * *
You are lethally poisoned!
The sea snake poisons you! The polar bear closely misses you.
The polar bear claws you.
* * * LOW HITPOINT WARNING * * *
The polar bear claws you but does no damage.
The dire elephant tramples you!!
You die...

##≈†≈≈≈≈≈P≈
##.#.≈≈≈#≈≈≈#≈≈≈≈≈
########......≈#≈≈≈#≈≈≈≈≈
............#.≈#≈≈≈≈≈≈≈!$
...........≈≈≈≈≈≈.≈≈≈≈≈≈≈
...........≈≈≈≈≈≈8≈≈≈≈≈!
......^......#≈#≈≈≈≈m≈
............##≈#hS≈#
............≈≈P#@k≈#
............≈≈≈≈≈Y≈#
............##≈#≈≈8#
.............#≈.####
...........≈≈≈≈≈≈≈
..........≈P≈≈≈≈≈≈≈
............#≈≈##≈≈#
.........≈.#≈≈# ≈≈#
........≈.≈... ≈≈≈


You could see a dire elephant, a merfolk avatar, a sea snake, a polar bear and a
rime drake.

Vanquished Creatures
  A fire dragon (Lair:6)
  7 hydras
  Fannar (Lair:2)
  3 two-headed ogres (D:10)
  A death yak (Lair:2)
  An unseen horror (D:10)
  A harpy (Lair:6)
  The ghost of p0werm0de the Skirmisher, a novice DsFE of Makhleb (D:7)
  An oklob plant (Lair:4)
  A manticore (Lair:6)
  11 elephants
  4 black mambas
  A torpor snail (Lair:2)
  9 spiny frogs
  The ghost of Monsterracer the Insei, a novice GnTm of Uskayaw (D:5)
  9 rime drakes (Lair:6)
  10 komodo dragons
  A queen bee (D:8)
  A wind drake (Lair:6)
  4 polar bears
  6 hornets
  2 jumping spiders (Lair:2)
  5 blink frogs (Lair:5)
  5 hippogriffs
  A redback (Lair:2)
  4 basilisks
  Grum (D:10)
  18 yaks
  A hungry ghost (D:9)
  10 steam dragons
  9 porcupines
  Duvessa (D:5)
  17 water moccasins
  4 orc warriors
  5 ogres
  2 eyes of draining
  2 sky beasts
  2 wolves (D:10)
  The ghost of vishdafish the Poker, an amateur DsSk (D:4)
  8 centaurs
  5 big kobolds
  18 crocodiles
  Blork the orc (D:5)
  17 bullfrogs
  A wyvern skeleton (D:9)
  Dowan (D:5)
  3 scorpions
  8 killer bees (D:8)
  12 wights
  A howler monkey (D:8)
  2 vampire bats (D:6)
  2 electric eels (Lair:5)
  2 crimson imps (D:6)
  A bullfrog zombie (D:5)
  A centaur zombie (D:10)
  6 hounds
  A centaur skeleton (D:8)
  A gnoll shaman (D:4)
  8 orc priests
  15 orc wizards
  Natasha (thrice) (D:2)
  4 iguanas
  5 worker ants
  A killer bee zombie (D:6)
  A hound skeleton (D:4)
  12 adders
  3 gnolls (D:4)
  6 river rats (Sewer)
  An ooze (D:4)
  3 adder skeletons
  5 worms
  3 dart slugs
  6 leopard geckos
  37 orcs
  9 ball pythons
  2 bat skeletons (D:6)
  4 bat zombies (D:6)
  9 giant cockroaches
  5 goblins
  4 hobgoblins
  9 jackals
  4 quokkas
  7 bats
  3 frilled lizards
  39 kobolds
  A leopard gecko skeleton (D:4)
  A quokka skeleton (D:9)
  A quokka zombie (D:9)
  26 rats
  2 fungi
  5 plants
500 creatures vanquished.

Vanquished Creatures (collateral kills)
  4 killer bees (D:8)
4 creatures vanquished.

Vanquished Creatures (others)
  A rime drake (Lair:6)
  A hound (D:8)
  A bush (Lair:5)
  9 fungi
  3 plants
15 creatures vanquished.

Grand Total: 519 creatures vanquished

Notes
Turn   | Place    | Note
-------+----------+-------------------------------------------
     0 | D:1      | zero the Minotaur Berserker began the quest for the Orb.
     0 | D:1      | Reached XP level 1. HP: 19/19 MP: 0/0
    81 | D:1      | Reached skill level 4 in Axes
   102 | D:1      | Reached XP level 2. HP: 22/26 MP: 1/1
   580 | D:1      | Reached ** piety under Trog
   624 | D:1      | Reached skill level 5 in Axes
  1006 | D:1      | Reached XP level 3. HP: 29/31 MP: 2/2
  1279 | D:2      | Reached skill level 6 in Axes
  1279 | D:2      | Reached XP level 4. HP: 35/39 MP: 3/3
  1434 | D:2      | Noticed Natasha
  1443 | D:2      | Killed Natasha
  1499 | D:2      | Found a shadowy altar of Dithmenos.
  1500 | D:2      | Noticed Natasha
  1503 | D:2      | Killed Natasha
  1503 | D:2      | Reached XP level 5. HP: 32/45 MP: 4/4
  1637 | D:3      | Reached skill level 7 in Axes
  1848 | D:3      | Reached *** piety under Trog
  1895 | D:3      | Reached skill level 8 in Axes
  2306 | D:3      | Found a basalt altar of Yredelemnul.
  2638 | D:4      | Noticed a centaur
  2646 | D:4      | Killed a centaur
  2646 | D:4      | Reached XP level 6. HP: 35/51 MP: 5/5
  2809 | D:4      | Reached skill level 9 in Axes
  3010 | D:4      | Reached XP level 7. HP: 45/57 MP: 6/6
  3028 | D:4      | Noticed vishdafish's ghost (amateur DsSk)
  3028 | D:4      | Reached skill level 10 in Axes
  3404 | D:4      | Killed vishdafish's ghost
  3898 | D:4      | Found a sparkling altar of Nemelex Xobeh.
  3936 | D:5      | Entered Level 5 of the Dungeon
  3949 | D:5      | Noticed Monsterracer's ghost (novice GnTm)
  3969 | D:5      | Killed Monsterracer's ghost
  3969 | D:5      | Reached skill level 11 in Axes
  3969 | D:5      | Reached XP level 8. HP: 62/64 MP: 7/7
  4062 | D:5      | Reached skill level 12 in Axes
  4107 | D:5      | Noticed Dowan
  4109 | D:5      | Noticed Duvessa
  4114 | D:5      | Killed Dowan
  4119 | D:5      | Killed Duvessa
  4255 | D:5      | Reached **** piety under Trog
  4325 | D:5      | Noticed Blork the orc
  4334 | D:5      | Killed Blork the orc
  4370 | D:5      | Found a sparkling altar of Nemelex Xobeh.
  4633 | D:6      | Found a staircase to the Ecumenical Temple.
  4646 | D:6      | Reached skill level 13 in Axes
  4747 | D:6      | Found an ancient bone altar of Kikubaaqudgha.
  4802 | D:6      | Found a glowing drain.
  4835 | Sewer    | Entered a sewer
  4950 | Sewer    | Reached ***** piety under Trog
  5026 | Sewer    | Reached XP level 9. HP: 68/70 MP: 8/8
  5351 | D:6      | Found Weoviyt's Jewellery Shop.
  5359 | D:6      | Bought an uncursed amulet of regeneration for 360 gold pieces
  5373 | D:6      | Found a basalt altar of Yredelemnul.
  5402 | D:6      | Reached skill level 14 in Axes
  5601 | D:7      | Found a glowing silver altar of Zin.
  5610 | D:7      | Received a gift from Trog
  5635 | D:7      | Noticed p0werm0de's ghost (novice DsFE)
  5645 | D:7      | Killed p0werm0de's ghost
  5645 | D:7      | Reached skill level 15 in Axes
  6160 | D:8      | Found a radiant altar of Vehumet.
  6169 | D:8      | Found Lekoq's Book Shoppe.
  6305 | D:8      | Noticed a queen bee
  6306 | D:8      | Reached skill level 16 in Axes
  6316 | D:8      | HP: 3/70 [killer bee (10)]
  6317 | D:8      | HP: 1/70 [poisoned by a killer bee]
  6324 | D:8      | Killed a queen bee
  6324 | D:8      | Reached XP level 10. HP: 12/77 MP: 3/9
  6329 | D:8      | HP: 3/77 [poisoned by a killer bee]
  6635 | D:8      | Got an ancient chain mail
  6646 | D:8      | Identified the cursed +1 chain mail of the Shining Light {Dex+5} (You found it on level 8 of the Dungeon)
  7202 | D:8      | Reached skill level 17 in Axes
  7775 | D:9      | Found a staircase to the Orcish Mines.
  7782 | D:9      | Reached skill level 5 in Fighting
  7789 | D:9      | Found a roughly hewn altar of Beogh.
  7890 | D:9      | Received a gift from Trog
  8184 | D:10     | Entered Level 10 of the Dungeon
  8238 | D:10     | Noticed a two-headed ogre
  8238 | D:10     | Reached skill level 5 in Armour
  8240 | D:10     | Noticed a two-headed ogre
  8247 | D:10     | Reached XP level 11. HP: 89/89 MP: 10/10
  8257 | D:10     | Killed a two-headed ogre
  8257 | D:10     | Reached skill level 18 in Axes
  8261 | D:10     | Killed a two-headed ogre
  8620 | D:10     | Noticed Grum
  8621 | D:10     | Noticed a two-headed ogre
  8625 | D:10     | Killed Grum
  8633 | D:10     | Killed a two-headed ogre
  8747 | D:10     | Noticed an unseen horror
  8756 | D:10     | Killed an unseen horror
  8856 | D:10     | Found a staircase to the Lair.
  9051 | Lair:1   | Entered Level 1 of the Lair of Beasts
  9184 | Lair:1   | Noticed a four-headed hydra
  9191 | Lair:1   | Killed an eight-headed hydra
  9191 | Lair:1   | Reached skill level 19 in Axes
  9274 | Lair:1   | Reached ****** piety under Trog
  9410 | Lair:1   | Noticed an eight-headed hydra
  9415 | Lair:1   | Killed an 11-headed hydra
  9418 | Lair:1   | Received a gift from Trog
  9655 | Lair:1   | Reached XP level 12. HP: 102/103 MP: 11/11
 10316 | Lair:2   | Noticed Fannar
 10333 | Lair:2   | Killed Fannar
 10500 | Lair:2   | Found a staircase to the Shoals.
 10745 | D:2      | Identified a +2 pair of boots of running (You found it on level 2 of the Dungeon)
 10752 | D:2      | Noticed Natasha
 10758 | D:2      | Killed Natasha
 11017 | Lair:2   | Noticed a death yak
 11025 | Lair:2   | Killed a death yak
 11097 | Lair:2   | Found a hole to the Spider Nest.
 11154 | Lair:2   | Noticed an eight-headed hydra
 11163 | Lair:2   | Killed a 13-headed hydra
 11163 | Lair:2   | Reached skill level 1 in Evocations
 11875 | Lair:3   | Reached skill level 20 in Axes
 12352 | Lair:4   | Reached skill level 10 in Fighting
 12359 | Lair:4   | Gained mutation: You have a pair of large horns on your head. [potion of mutation]
 12359 | Lair:4   | Gained mutation: You are partially covered in yellow scales. (AC +2) [potion of mutation]
 12359 | Lair:4   | Gained mutation: Your muscles are strong. (Str +2) [potion of mutation]
 12694 | Lair:4   | Found a sacrificial altar of Ru.
 12737 | Lair:4   | Received a gift from Trog
 12786 | Lair:4   | Noticed a seven-headed hydra
 12796 | Lair:4   | Killed a 12-headed hydra
 12796 | Lair:4   | Reached XP level 13. HP: 113/113 MP: 14/14
 13662 | Lair:5   | Reached skill level 10 in Armour
 13858 | Lair:5   | Reached skill level 5 in Dodging
 14693 | Lair:6   | Entered Level 6 of the Lair of Beasts
 14738 | Lair:6   | Noticed a fire dragon
 14750 | Lair:6   | Killed a fire dragon
 14861 | Lair:6   | Found a staircase to the Slime Pits.
 14864 | Lair:6   | Found a viscous altar of Jiyva.
 14894 | Lair:6   | Reached skill level 21 in Axes
 15015 | Lair:6   | Noticed a dire elephant
 15036 | Lair:6   | Mangled by a dire elephant

Vault maps used:
D:1:      kilobyte_arrival_exit_the_forest
D:2:      grunt_dithmenos_smoke_and_mirrors, minmay_misc_feat_doors,
          uniq_natasha
D:3:      yredelemnul_altar_generic
D:4:      nemelex_dance_club_becter
D:5:      lemuel_round_altar, first_bread, serial_park_tiny_2,
          corexii_checkpoint_a, minmay_misc_feat_tower, uniq_blork_the_orc,
          uniq_duvessa
D:6:      overflow_temple_1_default, kennysheep_vampire_church,
          minmay_temple_entry_junction_2, serial_shops, shop,
          cheibrodos_sewer_entry_drain, lightli_corner_chamber
D:7:      kennysheep_little_box
D:8:      fiery_altar_vehumet, serial_shops, nicolae_shop_stone,
          hangedman_pestilent_swarm, nicolae_looking_at_the_future
D:9:      minmay_orc_entry_temple_small
D:10:     lair_entry_dummy, billiards_dpeg, uniq_grum
Lair:2:   shoals_dummy_entry, spider_nest_entry_a,
          eino_small_chamber_without_monster, st_stairs_11, lemuel_fruit_fields,
          grunt_megastairs_3, uniq_fannar
Lair:4:   lemuel_oklob_altar, grunt_megastairs_5
Lair:5:   lab_entry_generic, st_stairs_8, lemuel_fruit_fields,
          grunt_megastairs_4, serial_bayou_shore_a
Lair:6:   gammafunk_lair_ancient_temple, slime_altar_1,
          minmay_lair_oklob_bushes, st_stairs_11, bobbens_dragon_lair_wall
Sewer:    sewer_minmay_treatment

Skill      XL: |  1  2  3  4  5  6  7  8  9 10 11 12 13 |
---------------+----------------------------------------+-----
Axes           | 4 5 6 8 9 11 13 16 17 19 20 21 | 21.1
Fighting       | 5 8 10 11 | 11.2
Armour         | 5 8 9 11 | 11.0
Evocations     | 2 4 |  4.8
Dodging        | 4 6 |  6.3

Action                   |  1- 3 |  4- 6 |  7- 9 | 10-12 | 13-15 || total
-------------------------+-------+-------+-------+-------+-------++-------
Melee: Hand axe          |    74 |   125 |    41 |       |       ||   240
       Headbutt          |    10 |    23 |    51 |    97 |    56 ||   237
       Unarmed           |       |     1 |       |       |       ||     1
       War axe           |       |       |   205 |       |       ||   205
       Battleaxe         |       |       |    61 |   477 |   219 ||   757
Invok: Berserk           |       |     1 |     5 |     9 |     2 ||    17
       Trog's Hand       |       |       |     2 |     2 |       ||     4
       Brothers in Arms  |       |       |     1 |       |       ||     1
       Burn Spellbooks   |       |       |       |     3 |     1 ||     4
  Use: Scroll            |       |       |    19 |     8 |     3 ||    30
       Potion            |       |       |     1 |     1 |     2 ||     4
  Eat: Chunk             |     1 |     7 |    11 |    19 |     6 ||    44
       Fruit             |       |       |     5 |     7 |     4 ||    16
       Royal jelly       |       |       |       |     1 |       ||     1
       Bread ration      |       |       |       |     1 |       ||     1
Armor: Animal skin       |    10 |       |       |       |       ||    10
       Ring mail         |    22 |     4 |       |       |       ||    26
       Plate armour      |       |    45 |   197 |   262 |   237 ||   741
Dodge: Dodged            |    53 |    27 |    81 |   185 |   139 ||   485
Block: Shield            |       |    30 |   108 |       |       ||   138
       Reflection        |       |       |     4 |       |       ||     4

Table legend:
 A = Spawn XP
 B = Non-spawn XP
 C = Spawn XP percentage of total XP
 D = Spawn monster count
 E = Non-spawn monster count
 F = Spawn count percentage of total count
 G = Total turns spent on level
                    A         B        C        D         E        F      G
               +---------+---------+-------+---------+---------+-------+---------
         Total |       0 |   62453 |   0.0 |       0 |     497 |   0.0 | 15036
               +---------+---------+-------+---------+---------+-------+---------
           D:1 |       0 |      50 |   0.0 |       0 |      28 |   0.0 |  1184
           D:2 |       0 |     188 |   0.0 |       0 |      21 |   0.0 |   513
           D:3 |       0 |     179 |   0.0 |       0 |      20 |   0.0 |  1398
           D:4 |       0 |     685 |   0.0 |       0 |      19 |   0.0 |   971
           D:5 |       0 |    1070 |   0.0 |       0 |      22 |   0.0 |   684
           D:6 |       0 |     797 |   0.0 |       0 |      30 |   0.0 |   476
           D:7 |       0 |    1482 |   0.0 |       0 |      25 |   0.0 |   560
           D:8 |       0 |    3185 |   0.0 |       0 |      45 |   0.0 |  1389
           D:9 |       0 |    2220 |   0.0 |       0 |      49 |   0.0 |   866
          D:10 |       0 |    6101 |   0.0 |       0 |      31 |   0.0 |   921
        Lair:1 |       0 |    6823 |   0.0 |       0 |      30 |   0.0 |  1287
        Lair:2 |       0 |    6844 |   0.0 |       0 |      20 |   0.0 |   848
        Lair:3 |       0 |    3429 |   0.0 |       0 |      14 |   0.0 |   731
        Lair:4 |       0 |    7159 |   0.0 |       0 |      23 |   0.0 |  1279
        Lair:5 |       0 |    8907 |   0.0 |       0 |      30 |   0.0 |  1130
        Lair:6 |       0 |   13009 |   0.0 |       0 |      42 |   0.0 |   343
         Sewer |       0 |     325 |   0.0 |       0 |      48 |   0.0 |   456
               +---------+---------+-------+---------+---------+-------+---------
